 Dungeon Crawl Stone Soup version 0.27-a0-1342-ga99462a43c (webtiles) character file.

Game seed: 14907834769162672346

298 PentaManta the Insei (level 6, 0/43 HPs)
             Began as a Merfolk Transmuter on June 27, 2021.
             Slain by Duvessa (8 damage)
             ... on level 4 of the Dungeon.
             The game lasted 00:08:20 (5172 turns).

PentaManta the Insei (Merfolk Transmuter)           Turns: 5172, Time: 00:08:21

Health: 0/43       AC:  6    Str: 10    XL:     6   Next: 35%
Magic:  10/10      EV: 13    Int: 13    God:
Gold:   138        SH:  0    Dex: 16    Spells: 0/10 levels left

rFire    . . .     SeeInvis .     - Unarmed
rCold    . . .     Faith    .   (no shield)
rNeg     . . .     Spirit   .   a - +0 robe
rPois    .         Reflect  .   (helmet currently unavailable)
rElec    .         Harm     .   o - +0 cloak {Stlth+}
rCorr    .         Rampage  .   e - +2 pair of gloves
Will     +....                  (boots currently unavailable)
Stlth    ++........             (no amulet)
HPRegen  0.14/turn              w - ring of willpower
MPRegen  0.12/turn              (no ring)

@: appendages (expiring)
A: horns 2, (nimble swimmer 2), mertail
a: End Transformation


You were on level 4 of the Dungeon.
You had temporarily grown beastly horns.
You visited 1 branch of the dungeon, and saw 4 of its levels.

You collected 138 gold pieces.

Inventory:

Hand Weapons
 d - a +4 short sword
 j - a +2 dagger of venom
Missiles
 s - a throwing net
Armour
 a - a +0 robe (worn)
 e - a +2 pair of gloves (worn)
 g - a +0 kite shield
 o - a +0 cloak of stealth (worn)
 x - a +1 hat (melded)
Jewellery
 u - a +6 ring of strength
 w - a ring of willpower (left hand)
Scrolls
 b - 2 scrolls of noise {unknown}
 c - 3 scrolls of identify {unknown}
 h - a scroll of amnesia {unknown}
 k - a scroll of enchant weapon {unknown}
 l - a scroll of enchant armour {unknown}
 m - a scroll of vulnerability {unknown}
 n - a scroll of teleportation {unknown}
 p - 3 scrolls of acquirement {unknown}
 q - a scroll of immolation {unknown}
 t - a scroll of fog {unknown}
Potions
 f - 3 potions of curing
 i - 2 potions of haste {unknown}
 r - a potion of heal wounds {unknown}
 v - a potion of mutation {unknown}


   Skills:
 - Level 1.1 Fighting
 - Level 2.6 Dodging
 + Level 6.1 Unarmed Combat
 + Level 2.9 Spellcasting
 + Level 4.1 Transmutations
 + Level 2.1 Poison Magic


You couldn't memorise any spells.
You knew the following spells:

 Your Spells              Type           Power      Damage    Failure   Level
a - Beastly Appendage     Tmut           24%        N/A       4%          1
b - Wereblood             Tmut           12%        N/A       6%          2
c - Spider Form           Tmut/Pois      5%         N/A       19%         3
d - Ice Form              Ice/Tmut       7%         N/A       69%         4

Your spell library contained the following spells:

 Spells                   Type           Power      Damage    Failure   Level


Dungeon Overview and Level Annotations

Branches:
Dungeon (4/15)
 Temple: D:4-7

Altars:
Gozag
Qazlal

Annotations:
D:4 Dowan, Duvessa


Innate Abilities, Weirdness & Mutations

You have temporarily grown beastly horns.
((You are quick and stealthy near water. (Stealth+, EV+, Speed+++)))
Your lower body shifts to a powerful aquatic tail in water.


Message History

You hit Duvessa.
Duvessa is lightly wounded.
Duvessa hits you with a +0 short sword.
You hit Duvessa but do no damage.
Duvessa is lightly wounded.
Duvessa hits you but does no damage. Duvessa misses you.
You hit Duvessa but do no damage.
Duvessa is lightly wounded.
Duvessa hits you with a +0 short sword.
You closely miss Duvessa. Your headbutt misses Duvessa.
Duvessa is lightly wounded.
Duvessa says, "Practise, practise, practise!
One day you'll be as good as me." Duvessa hits you with a +0 short sword.
You hit Duvessa.
Duvessa is lightly wounded.
Duvessa hits you with a +0 short sword. x2
You barely miss Duvessa. You headbutt Duvessa, but do no damage.
Duvessa is lightly wounded.
Duvessa closely misses you.
You hit Duvessa.
Duvessa is moderately wounded.
Duvessa barely misses you.
You barely miss Duvessa. You headbutt Duvessa, but do no damage.
Duvessa is moderately wounded.
Your transformation is almost over.
Duvessa completely misses you. Duvessa hits you but does no damage.
You completely miss Duvessa.
Duvessa is moderately wounded.
Duvessa hits you with a +0 short sword.
You hit Duvessa.
Duvessa is moderately wounded.
Duvessa hits you with a +0 short sword!
You hit Duvessa but do no damage. Your headbutt misses Duvessa.
Duvessa is moderately wounded.
Duvessa hits you with a +0 short sword. Duvessa hits you with a +0 short sword!
* * * LOW HITPOINT WARNING * * *
You barely miss Duvessa. You headbutt Duvessa.
Duvessa is moderately wounded.
Duvessa hits you with a +0 short sword!
You die...

........#E#...#E####.
........###...###....
........##........... ##
#...........###..#.. ...
##......###.#.##....
.... ##....####.#.......
.....##.##.#......#.#...
#.................###...
##.##@.##...#.... #...
......e#.# .###.#.......
......e#.# .# .#..#.#..
.......... .# . ####.
.......###..# #. .......
#.# #. ......# .# #.
.[...# . ..#.
............# #...


You could see Duvessa (fast) and Dowan.

Vanquished Creatures
  Crazy Yiuf (D:2)
  2 orc priests (D:3)
  An iguana (D:3)
  2 orc wizards (D:3)
  4 gnolls
  2 adders
  An adder skeleton (D:4)
  A worm (D:3)
  A dart slug (D:2)
  11 orcs
  6 ball pythons
  6 endoplasms
  2 giant cockroaches (D:3)
  5 goblins
  A hobgoblin (D:2)
  4 quokkas
  6 bats
  4 frilled lizards
  6 kobolds
  6 rats
72 creatures vanquished.

Notes
Turn   | Place    | Note
-------+----------+-------------------------------------------
     0 | D:1      | PentaManta the Merfolk Transmuter began the quest for the
                  | Orb.
     0 | D:1      | Reached XP level 1. HP: 15/15 MP: 3/3
   307 | D:1      | Reached XP level 2. HP: 4/21 MP: 5/5
   609 | D:1      | Reached skill level 4 in Unarmed Combat
  1079 | D:1      | Found a faded altar of an unknown god.
  1694 | D:2      | Reached XP level 3. HP: 26/26 MP: 4/6
  2278 | D:2      | Found a runed translucent door.
  2279 | D:2      | Noticed Crazy Yiuf
  2470 | D:2      | Killed Crazy Yiuf
  2471 | D:2      | Reached skill level 5 in Unarmed Combat
  2471 | D:2      | Reached XP level 4. HP: 5/32 MP: 5/7
  2482 | D:2      | Learned a level 2 spell: Wereblood
  2486 | D:2      | Learned a level 3 spell: Spider Form
  3342 | D:2      | Reached XP level 5. HP: 17/37 MP: 8/8
  3676 | D:3      | Reached skill level 1 in Poison Magic
  3839 | D:3      | Found an opulent altar of Gozag.
  4672 | D:3      | Reached XP level 6. HP: 40/43 MP: 8/10
  4756 | D:3      | Reached skill level 6 in Unarmed Combat
  4764 | D:3      | Learned a level 4 spell: Ice Form
  5111 | D:4      | Noticed a water elemental
  5129 | D:4      | Noticed an air elemental
  5131 | D:4      | Found a stormy altar of Qazlal.
  5136 | D:4      | Noticed a fire elemental
  5153 | D:4      | Noticed Duvessa
  5156 | D:4      | Noticed Dowan
  5172 | D:4      | Slain by Duvessa

Illustrated notes

Levels and vault maps discovered:
D:1:      saegor_arrival_simple_a, layout_loops_corners,
          hellmonk_ecumenical_altar_inner_sanctum, palyth_stone_intersect,
          amcnicky_mini_pool_small, roderic_roman_lattice
D:2:      layout_loops_ring, st_stairs_13, uniq_crazy_yiuf_cottage
D:3:      cheibrodos_pilgrimage, layout_rooms, nicolae_gozag_seed_capital
D:4:      layout_cave_pools, nicolae_qazlal_style_of_elements, temple_statues,
          uniq_duvessa

Skill      XL: |  1  2  3  4  5  6 |
---------------+-------------------+-----
Unarmed Combat | 4 5 6 |  6.1
Transmutations | 3 4 |  4.1
Poison Magic   | 1 2 |  2.1
Fighting       | |  1.1
Dodging        | |  2.6
Spellcasting   | |  2.9

Action                   |  1- 3 |  4- 6 || total
-------------------------+-------+-------++-------
Melee: Unarmed           |    94 |   151 ||   245
       Headbutt          |       |    25 ||    25
       Punch             |       |     3 ||     3
 Cast: Beastly Appendage |     4 |    28 ||    32
  Use: Potion            |     1 |       ||     1
 Stab: Sleeping          |     3 |     2 ||     5
Armor: Robe              |    23 |    36 ||    59
Dodge: Dodged            |    50 |    55 ||   105

Table legend: (Time is in decaauts)
 A = Elapsed time spent in this place.
 B = Non-inter-level travel time spent in this place.
 C = Inter-level travel time spent in this place.
 D = Time resting spent in this place.
 E = Time spent auto-exploring this place.
 F = Levels seen in this place.
 G = Mean time per level.
                   A        B        C        D        E       F      G
               +--------+--------+--------+--------+--------+-----+--------+
         Total |   5150 |   5013 |    137 |   1563 |   2777 |   4 | 1287.5 |
       Dungeon |   5150 |   5013 |    137 |   1563 |   2777 |   4 | 1287.5 |
               +--------+--------+--------+--------+--------+-----+--------+

Top non-repeatable levels by time:
     D:2: 1772 daAuts
     D:3: 1651 daAuts
     D:1: 1536 daAuts
     D:4: 190 daAuts
